 Dungeon Crawl Stone Soup version 0.31-a0-1-g4198be8af4 (webtiles) character file.

Game seed: 15504174412619747427

681 jasper the Magician (level 7, -3/48 HPs)
             Began as a Spriggan Earth Elementalist on May 1, 2023.
             Slain by a water moccasin (6 damage)
             ... on level 5 of the Dungeon.
             The game lasted 00:08:23 (4346 turns).

jasper the Magician (Spriggan Earth Elementalist)   Turns: 4346, Time: 00:08:24

Health: -3/48      AC: 23    Str:  4    XL:     7   Next: 34%
Magic:  11/17      EV:  4    Int: 19    God:
Gold:   213        SH:  0    Dex: 15    Spells: 5/18 levels left

rFire   . . .        f - +1 short sword (protect)
rCold   . . .        (no shield)
rNeg    . . .        a - melded +0 robe
rPois   +            (helmet currently unavailable)
rElec   .            (cloak currently unavailable)
rCorr   .            (gloves unavailable)
SInv    +            (boots unavailable)
Will    +....        (no amulet)
Stlth   ++           (no ring)
HPRegen 0.28/turn    (no ring)
MPRegen 0.15/turn

%: no passive effects
@: lethally poisoned (-3 -> -13), tree-form
A: stationary, stasis, torment immunity, boosted hp, very small, no large
weapons, unfitting armour, see invisible, (speed 3)
a: no special abilities


You were on level 5 of the Dungeon.
You were a tree.
You visited 1 branch of the dungeon, and saw 5 of its levels.

You collected 213 gold pieces.

Inventory:

Hand Weapons
 f - a +1 short sword of protection (weapon)
Missiles
 h - 46 stones
 j - 5 boomerangs
 m - 4 poisoned darts
Armour
 a - a +0 robe (melded)
Magical Staves
 c - a staff of fire
Jewellery
 d - a ring of resist corrosion
 i - a +6 ring of strength
Wands
 k - a wand of charming (6)
Scrolls
 e - a scroll of magic mapping
 o - a scroll of enchant weapon
 r - a scroll of identify
 t - a scroll of vulnerability
Potions
 b - 4 potions of magic
 g - a potion of degeneration
 l - 2 potions of lignification
 n - a potion of might {unknown}
 p - 2 potions of brilliance {unknown}
 q - 3 potions of flight {unknown}
 s - a potion of cancellation {unknown}


   Skills:
 - Level 2.6 Dodging
 - Level 3.0 Stealth
 - Level 6.0 Spellcasting
 + Level 2.7 Conjurations
 - Level 1.3 Transmutations
 - Level 2.1 Air Magic
 + Level 4.3 Earth Magic
 - Level 2.3 Poison Magic


You had 5 spell levels left.
You knew the following spells:

 Your Spells              Type           Power      Damage    Failure   Level
a - Sandblast             Erth           44%        2d11      1%          1
b - Passwall              Tmut/Erth      13%        N/A       5%          2
c - Stone Arrow           Conj/Erth      38%        3d9       8%          3
d - Mephitic Cloud        Conj/Pois/Air  14%        N/A       13%         3
e - Anguish               Hex/Necr       2%         N/A       73%         4

Your spell library contained the following spells:

 Spells                   Type           Power      Damage    Failure   Level
 Magic Dart               Conj           64%        1d6       3%          1
 Wereblood                Tmut           10%        N/A       10%         2
 Summon Small Mammal      Summ           20%        N/A       11%         1
 Spider Form              Tmut/Pois      12%        N/A       16%         3
 Call Imp                 Summ           10%        N/A       17%         2
 Ensorcelled Hibernation  Hex/Ice        10%        N/A       17%         2
 Sublimation of Blood     Necr           5%         N/A       17%         2
 Dazzling Flash           Conj/Hex       22%        N/A       19%         3
 Call Canine Familiar     Summ           5%         N/A       32%         3
 Portal Projectile        Hex/Tloc       10%        N/A       32%         3
 Summon Guardian Golem    Hex/Summ       5%         N/A       32%         3
 Tukima's Dance           Hex            5%         N/A       32%         3
 Volatile Blastmotes      Fire/Tloc      10%        2d10      32%         3
 Petrify                  Tmut/Erth      16%        N/A       34%         4
 Iskenderun's Mystic Bla  Conj/Tloc      11%        2d4       54%         4
 Blade Hands              Tmut           5%         N/A       87%         5
 Starburst                Conj/Fire      5%         6d4       100%        6
 Summon Hydra             Summ           2%         N/A       100%        7


Dungeon Overview and Level Annotations

Branches:
Dungeon (5/15)
 Temple: D:4-7

Altars:

Shops:
D:1 =


Innate Abilities, Weirdness & Mutations

You are a tree.
Your roots penetrate the ground, keeping you stationary.
You cannot be teleported.
You are immune to unholy pain and torment.
Your maximum health is greatly increased.
Your equipment is partially melded.
You are very small and have problems with some larger weapons.
You are too small for most types of armour.
You have supernaturally acute eyesight. (SInv)
((You cover ground extremely quickly. (Speed+++)))


Message History

You now have 13/17 mp.
Aiming: Sandblast (safe; 1% risk of failure)
Press: ? - help, Q - select action, (/) - cycle Shift-Dir - straight line, f/p - water moccasin
Aim: a water moccasin (lightly wounded, 72% to hit)
The blast of sand hits the water moccasin!
The water moccasin is heavily wounded.
The water moccasin misses you. The hound bites you.
The water moccasin misses you. The hound bites you.
The water moccasin bites you.
You are poisoned.
The water moccasin poisons you!
You take 8 damage, and have 24/32 hp.
MASSIVE DAMAGE!!
Aiming: Sandblast (safe; 1% risk of failure)
Press: ? - help, Q - select action, (/) - cycle Shift-Dir - straight line, f/p - water moccasin
Aim: a water moccasin (heavily wounded, 72% to hit)
The blast of sand hits the water moccasin.
The water moccasin is heavily wounded.
You feel very sick. The hound misses you. The water moccasin misses you.
The hound misses you. The water moccasin bites you.
You are lethally poisoned!
The water moccasin poisons you!
You take 6 damage, and have 18/32 hp.
You now have 12/17 mp.
Aiming: Sandblast (safe; 1% risk of failure)
Press: ? - help, Q - select action, (/) - cycle Shift-Dir - straight line, f/p - water moccasin
Aim: a water moccasin (heavily wounded, 72% to hit)
The blast of sand hits the water moccasin!
The water moccasin is severely wounded.
You feel extremely sick. The hound closely misses you.
The water moccasin closely misses you. The hound closely misses you.
The water moccasin bites you!
* * * LOW HITPOINT WARNING * * *
You take 14 damage, and have 4/32 hp.
MASSIVE DAMAGE!!
You now have 11/17 mp.
Okay, then.
It was a potion of lignification.
You turn into a tree.
Your +0 robe melds into your body.
Your roots penetrate the ground.
* * * LOW HITPOINT WARNING * * *
You feel very sick. The hound barely misses you. The water moccasin bites you.
You die...

....... ..
####.......!...#.#
#..............#.##
.................
##...........#..#
##............#..#
.........##...#..####.
......)...##..♣S..<...
.......<......h#.####.
.......#†#.....# #
.......##......#
#......#........#
............#.....
.##........##...#..
##......##..####..
##...... ..# ..


You could see a water moccasin and a hound.

Vanquished Creatures
  2 ogres (D:4)
  A phantom (D:4)
  3 hounds
  An iguana (D:4)
  2 sleepcaps (D:4)
  Natasha (twice) (D:3)
  An orc wizard (D:4)
  3 gnolls
  5 adders
  2 worms
  2 dart slugs
  13 orcs
  4 ball pythons
  4 endoplasms
  A giant cockroach (D:3)
  13 goblins
  13 hobgoblins
  6 jackals (D:3)
  3 kobolds
  3 quokkas
  3 bats
  A frilled lizard (D:3)
  4 rats
92 creatures vanquished.

Vanquished Creatures (collateral kills)
  2 hobgoblins (D:3)
  A goblin (D:3)
3 creatures vanquished.

Vanquished Creatures (others)
  Robin (D:3)
1 creature vanquished.

Grand Total: 96 creatures vanquished

Notes
Turn   | Place    | Note
-------+----------+-------------------------------------------
     0 | D:1      | jasper the Spriggan Earth Elementalist began the quest for
                  | the Orb.
     0 | D:1      | Reached XP level 1. HP: 9/9 MP: 5/5
     2 | D:1      | Noticed a formicid
     2 | D:1      | Noticed a troll
     4 | D:1      | Noticed an ogre
     4 | D:1      | Noticed a spriggan
     6 | D:1      | Noticed a ghoul
     6 | D:1      | Noticed a demonspawn
     8 | D:1      | Noticed a felid
     8 | D:1      | Noticed a minotaur
    10 | D:1      | Noticed a naga
    10 | D:1      | Noticed an armataur
    12 | D:1      | Noticed a tengu
    14 | D:1      | Noticed a demigod
    16 | D:1      | Noticed a vine stalker
    18 | D:1      | Noticed an octopode
    18 | D:1      | Noticed a gargoyle
    20 | D:1      | Noticed a vampire
    20 | D:1      | Noticed an elf
    22 | D:1      | Noticed a merfolk
    22 | D:1      | Noticed a meteoran
    24 | D:1      | Noticed a naga
    24 | D:1      | Noticed a human
    26 | D:1      | Noticed a gargoyle
   143 | D:1      | Reached skill level 3 in Spellcasting
   236 | D:1      | Found Raguju's Jewellery Boutique.
   263 | D:1      | Reached XP level 2. HP: 13/13 MP: 5/7
   267 | D:1      | Learned a level 2 spell: Passwall
  1039 | D:2      | Reached XP level 3. HP: 16/16 MP: 6/9
  1043 | D:2      | Learned a level 3 spell: Stone Arrow
  1705 | D:2      | Learned a level 3 spell: Mephitic Cloud
  1861 | D:3      | Reached skill level 4 in Spellcasting
  2061 | D:3      | Reached XP level 4. HP: 21/21 MP: 8/11
  2090 | D:3      | Noticed Robin
  2102 | D:3      | Your ally Robin died
  2356 | D:3      | Noticed Natasha
  2360 | D:3      | Killed Natasha
  2361 | D:3      | Reached skill level 1 in Conjurations
  2576 | D:3      | Noticed Natasha
  2582 | D:3      | Killed Natasha
  2583 | D:3      | Reached XP level 5. HP: 24/24 MP: 7/12
  2919 | D:4      | Reached skill level 1 in Poison Magic
  2935 | D:3      | Reached skill level 1 in Air Magic
  3185 | D:4      | Reached skill level 5 in Spellcasting
  3432 | D:4      | Reached XP level 6. HP: 28/28 MP: 11/14
  3974 | D:4      | Reached XP level 7. HP: 32/32 MP: 11/16
  4088 | D:4      | Reached skill level 6 in Spellcasting
  4308 | D:4      | Learned a level 4 spell: Anguish
  4329 | D:5      | Entered Level 5 of the Dungeon
  4346 | D:5      | Slain by a water moccasin

Illustrated notes

Levels and vault maps discovered:
D:1:      kb_arrival_jail, layout_basic, serial_shops, shop,
          minmay_misc_feat_room, wad_floor_pattern_untrapped,
          kennysheep_small_spiral
D:2:      layout_basic, chequers_serial_rivers_room_a,
          chequers_serial_rivers_micro_e, grunt_ministairs_14
D:3:      layout_basic, serial_glass, glass_columns_b, glass_columns_c,
          glass_columns_b, glass_columns_b, glass_columns_c, glass_columns_b,
          uniq_robin, uniq_natasha
D:4:      minmay_recursive_quarters, layout_basic, dreamdust_wishing_well,
          minivault_25
D:5:      layout_cave_pools, mainiacjoe_overflow_boulevard, lemuel_round_altar,
          grunt_temple_overflow_diamond, minmay_temple_entry_statues,
          uniq_menkaure

Skill      XL: |  1  2  3  4  5  6  7 |
---------------+----------------------+-----
Spellcasting   | 3 4 5 6 |  6.0
Earth Magic    | 3 4 |  4.3
Conjurations   | 1 2 |  2.7
Poison Magic   | 1 2 |  2.3
Air Magic      | 1 2 |  2.1
Dodging        | |  2.6
Stealth        | |  3.0
Transmutations | |  1.3

Action                     |  1- 3 |  4- 6 |  7- 9 || total
---------------------------+-------+-------+-------++-------
  Throw: Boomerang         |     3 |     2 |       ||     5
         Dart              |       |     4 |       ||     4
   Cast: Sandblast         |    42 |   112 |    16 ||   170
  Evoke: Wand              |       |     3 |       ||     3
    Use: Scroll            |     3 |     4 |       ||     7
         Potion            |       |       |     1 ||     1
 Armour: Robe              |     1 |     1 |     1 ||     3
  Dodge: Dodged            |     3 |    28 |    11 ||    42

Table legend: (Time is in decaauts)
 A = Elapsed time spent in this place.
 B = Non-inter-level travel time spent in this place.
 C = Inter-level travel time spent in this place.
 D = Time resting spent in this place.
 E = Time spent auto-exploring this place.
 F = Levels seen in this place.
 G = Mean time per level.
                   A        B        C        D        E       F      G
               +--------+--------+--------+--------+--------+-----+--------+
         Total |   3288 |   3202 |     86 |    196 |   2421 |   5 |  657.6 |
       Dungeon |   3288 |   3202 |     86 |    196 |   2421 |   5 |  657.6 |
               +--------+--------+--------+--------+--------+-----+--------+

Top non-repeatable levels by time:
     D:4: 1073 daAuts
     D:3: 920 daAuts
     D:2: 709 daAuts
     D:1: 566 daAuts
     D:5: 18 daAuts
